 Seeded DCSS version 0.28-a0-1613-gdaab1c2f9b (webtiles) character file.

Game seed: 11 (custom seed)

2531 knot the Cleaver (level 9, -3/94 HPs)
             Began as a Demonspawn Berserker on Jan 22, 2022.
             Was a Believer of Trog.
             Succumbed to a hornet's poison
             ... while paralysed by a hornet
             ... on level 7 of the Dungeon.
             The game lasted 00:12:02 (11297 turns).

knot the Cleaver (Demonspawn Berserker)            Turns: 11297, Time: 00:12:02

Health: -3/94      AC:  4    Str: 18    XL:     9   Next: 30%
Magic:  9/9        EV:  2    Int: 12    God:    Trog [**....]
Gold:   318        SH:  0    Dex: 13    Spells: 8/8 levels left

rFire   + . .      SeeInvis .   B - +3 spear (venom)
rCold   + . .      Faith    .   (no shield)
rNeg    . . .      Spirit   .   b - +0 animal skin
rPois   .          Reflect  .   (no helmet)
rElec   .          Harm     .   D - scarf {rC+ rF+}
rCorr   .          Rampage  .   H - +0 pair of gloves
Will    .....                   v - +0 pair of boots
Stlth   ..........              x - amulet of magic regeneration
HPRegen 0.25/turn               (no ring)
MPRegen 0.62/turn               (no ring)

@: paralysed, berserking, lethally poisoned (-3 -> -35), slowed
A: powered by death 2, magic regeneration, sturdy frame 1, weakness stinger 1
a: Renounce Religion, Berserk, Trog's Hand


You were on level 7 of the Dungeon.
You worshipped Trog.
Trog was pleased with you.
You visited 1 branch of the dungeon, and saw 7 of its levels.
You also visited: Sewer.

You collected 318 gold pieces.

Inventory:

Hand Weapons
 a - a +0 hand axe
 B - a +3 spear of venom (weapon)
Missiles
 d - 125 stones
 i - 6 boomerangs (quivered)
 k - 27 sling bullets
 q - 2 atropa-tipped darts
Armour
 b - a +0 animal skin (worn)
 v - a +0 pair of boots (worn)
 D - a scarf of resistance (worn)
 H - a +0 pair of gloves (worn)
Jewellery
 x - an amulet of magic regeneration (around neck)
Wands
 y - a wand of charming (3)
 I - a wand of flame (22)
Scrolls
 e - 13 scrolls of identify {unknown}
 h - a scroll of enchant weapon {unknown}
 l - 4 scrolls of teleportation {unknown}
 m - 2 scrolls of fog {unknown}
 p - a scroll of summoning {unknown}
 u - 2 scrolls of fear {unknown}
 E - a scroll of vulnerability {unknown}
 F - a scroll of blinking {unknown}
 G - a scroll of immolation {unknown}
Potions
 c - 4 potions of brilliance
 f - 4 potions of mutation {unknown}
 g - a potion of attraction {unknown}
 j - 3 potions of lignification {unknown}
 n - a potion of magic
 o - 4 potions of degeneration {unknown}
 r - 2 potions of cancellation {unknown}
 s - a potion of berserk rage {unknown}
 t - 2 potions of flight {unknown}
 w - 2 potions of invisibility {unknown}
 z - a potion of haste {unknown}
 A - a potion of might
 C - 2 potions of curing


   Skills:
 - Level 3.0 Fighting
 * Level 9.7 Axes
 * Level 6.8 Throwing
 - Level 1.7 Armour
 - Level 1.7 Dodging


You had 8 spell levels left.
You didn't know any spells.
Your spell library contained the following spells:

 Spells                   Type           Power      Damage    Failure   Level
 Blink                    Tloc           0%         N/A       45%         2
 Frozen Ramparts          Ice            0%         1d2       69%         3
 Ice Form                 Ice/Tmut       0%         N/A       97%         4
 Summon Ice Beast         Ice/Summ       0%         N/A       97%         4
 Manifold Assault         Tloc           0%         N/A       100%        5
 Storm Form               Tmut/Air       0%         N/A       100%        7


Dungeon Overview and Level Annotations

Branches:
Dungeon (7/15)              Sewer (visited)
 Temple: D:4-7

Altars:
Ashenzari
Cheibriados
Dithmenos
Elyvilon
Makhleb
Ru
Trog
Vehumet
Yredelemnul


Innate Abilities, Weirdness & Mutations

You regenerate health from kills.
You regenerate magic rapidly.
Your movements are slightly less encumbered by armour. (ER -2)
You have a small tail.


Message History

No target in view!
A hornet comes into view.
A hornet is nearby!
The hornet buzzes angrily.
You see here 15 gold pieces.
You miss the hornet.
Your tail-slap misses the hornet.
The hornet stings you!
You are poisoned.
You feel yourself slow down.
You barely miss the hornet.
You tail-slap the hornet, but do no damage.
You feel yourself speed up.
You feel very sick. The hornet stings you.
You are more poisoned.
You feel yourself slow down. The hornet stings you!
You feel as though you will be slow longer.
A red film seems to cover your vision as you go berserk!
You feel yourself moving faster!
You feel mighty!
You feel very sick. The hornet stings you!
You are more poisoned.
You feel as though you will be slow longer.
The hornet closely misses you.
You barely miss the hornet.
You feel very sick. The hornet stings you.
You suddenly lose the ability to move!
You feel very sick. The hornet stings you!
* * * LOW HITPOINT WARNING * * *
You are more poisoned.
You shrug off the repeated paralysis!
The hornet stings you.
* * * LOW HITPOINT WARNING * * *
You feel as though you will be slow longer.
* * * LOW HITPOINT WARNING * * *
You feel very sick. The hornet stings you.
* * * LOW HITPOINT WARNING * * *
You are more poisoned.
You feel as though you will be slow longer.
You die...

. ..........# #.
####....##
##.##...#.#.#
..........#.#
#.........#.#
............#
..........##....
...##...####.###
.. #...@y...#
#.#####..# #.
... #. # #.


You could see a hornet.

Vanquished Creatures
  Eustachio (D:4)
  Menkaure (D:7)
  2 sky beasts (D:6)
  4 ogres (D:5)
  2 centaurs
  2 necrophages
  2 phantoms
  A wyvern zombie (D:5)
  2 scorpions
  2 wyvern skeletons (D:6)
  8 killer bees
  2 gnoll shamans
  2 hounds
  2 bullfrog skeletons
  2 iguanas
  A howler monkey zombie (D:6)
  A howler monkey skeleton (D:6)
  10 gnolls
  5 adders
  7 river rats
  A worm (D:2)
  A dart slug (D:3)
  4 orcs
  6 endoplasms
  4 giant cockroaches
  4 goblins
  3 hobgoblins
  4 jackals
  2 quokkas
  10 ball pythons
  8 bats
  5 frilled lizards
  7 kobolds
  16 rats
134 creatures vanquished.

Vanquished Creatures (collateral kills)
  A black bear (D:6)
  A howler monkey skeleton (D:6)
  A gnoll (D:6)
  A white imp (D:6)
4 creatures vanquished.

Vanquished Creatures (others)
  A gnoll sergeant (D:6)
1 creature vanquished.

Grand Total: 139 creatures vanquished

Notes
Turn   | Place    | Note
-------+----------+-------------------------------------------
     0 | D:1      | knot the Demonspawn Berserker began the quest for the Orb.
     0 | D:1      | Reached XP level 1. HP: 18/18 MP: 1/1
   148 | D:1      | Reached skill level 3 in Axes
   419 | D:1      | Gained mutation: You regenerate a little health from kills.
                  | [demonic ancestry]
   419 | D:1      | Reached XP level 2. HP: 16/24 MP: 2/2
  1285 | D:1      | Found a faded altar of an unknown god.
  1543 | D:2      | Gained mutation: Your movements are slightly less
                  | encumbered by armour. (ER -2) [demonic ancestry]
  1543 | D:2      | Reached XP level 3. HP: 26/29 MP: 3/3
  1697 | D:2      | Reached skill level 4 in Axes
  2019 | D:2      | Reached ** piety under Trog
  3092 | D:3      | Found a glowing drain.
  3113 | D:3      | Reached XP level 4. HP: 35/35 MP: 4/4
  3150 | Sewer    | Entered a sewer
  3300 | Sewer    | Reached skill level 5 in Axes
  3610 | Sewer    | Reached XP level 5. HP: 32/41 MP: 5/5
  4089 | D:3      | Found a shadowy altar of Dithmenos.
  4092 | D:3      | Found a bloodstained altar of Trog.
  4093 | D:3      | Found a basalt altar of Yredelemnul.
  4093 | D:3      | Found a radiant altar of Vehumet.
  4093 | D:3      | Found a burning altar of Makhleb.
  4095 | D:3      | Found a broken altar of Ashenzari.
  4096 | D:3      | Found a snail-covered altar of Cheibriados.
  4098 | D:3      | Found a sacrificial altar of Ru.
  4469 | D:4      | Reached skill level 6 in Axes
  4833 | D:4      | Gained mutation: You have a small tail. [demonic ancestry]
  4833 | D:4      | Reached XP level 6. HP: 47/47 MP: 6/6
  5315 | D:4      | Noticed Eustachio
  6114 | D:4      | Killed Eustachio
  6115 | D:4      | Reached skill level 7 in Axes
  6115 | D:4      | Reached skill level 1 in Throwing
  6115 | D:4      | Gained mutation: You regenerate health from kills. [demonic
                  | ancestry]
  6115 | D:4      | Reached XP level 7. HP: 37/52 MP: 7/7
  6790 | D:5      | Entered Level 5 of the Dungeon
  7822 | D:5      | Reached XP level 8. HP: 58/58 MP: 8/8
  7904 | D:5      | Reached skill level 8 in Axes
  9256 | D:6      | Reached skill level 5 in Throwing
  9503 | D:6      | Reached skill level 9 in Axes
  9653 | D:6      | Gained mutation: You regenerate magic rapidly. [demonic
                  | ancestry]
  9653 | D:6      | Reached XP level 9. HP: 13/63 MP: 9/9
  9658 | D:6      | HP: 3/63 [poisoned by a killer bee]
 10803 | D:7      | Noticed Menkaure
 10894 | D:7      | Killed Menkaure
 11294 | D:7      | Paralysed by a hornet for 3 turns
 11296 | D:7      | HP: 3/94 [hornet (5)]
 11297 | D:7      | Succumbed to a hornet's poison

Illustrated notes

Levels and vault maps discovered:
D:1:      minmay_arrival_nine_rooms, layout_rooms, basic_ecumenical_altar
D:2:      layout_basic
D:3:      layout_loops_ring, minitemple, portal_sewer_entry_b,
          lemuel_old_faithful
D:4:      layout_basic, uniq_eustachio
D:5:      layout_layer_cave, minivault_24
D:6:      minmay_chambers_of_threes, layout_basic
D:7:      gammafunk_cloud_chamber, layout_loops_cross, lemuel_temple_firewalk_b,
          uniq_menkaure

Skill      XL: |  1  2  3  4  5  6  7  8 |
---------------+-------------------------+-----
Axes           | 3 4 5 6 7 9 |  9.7
Throwing       | 1 3 6 |  6.8
Fighting       | |  3.0
Armour         | |  1.7
Dodging        | |  1.7

Action                   |  1- 3 |  4- 6 |  7- 9 || total
-------------------------+-------+-------+-------++-------
Melee: Hand axe          |   137 |   145 |    89 ||   371
       Punch             |     2 |     1 |       ||     3
       Tailslap          |       |     6 |    29 ||    35
       Spear             |       |       |    89 ||    89
       Whip              |       |       |     5 ||     5
Throw: Stone             |     1 |       |       ||     1
       Boomerang         |       |     5 |    59 ||    64
Invok: Berserk           |     5 |     7 |    13 ||    25
       Trog's Hand       |       |     1 |     3 ||     4
Evoke: Wand              |       |       |     3 ||     3
  Use: Potion            |       |       |     4 ||     4
 Stab: Sleeping          |     1 |     6 |       ||     7
Armor: Animal skin       |    35 |    20 |    32 ||    87
Dodge: Dodged            |    95 |    62 |   116 ||   273

Table legend: (Time is in decaauts)
 A = Elapsed time spent in this place.
 B = Non-inter-level travel time spent in this place.
 C = Inter-level travel time spent in this place.
 D = Time resting spent in this place.
 E = Time spent auto-exploring this place.
 F = Levels seen in this place.
 G = Mean time per level.
                   A        B        C        D        E       F      G
               +--------+--------+--------+--------+--------+-----+--------+
         Total |  11572 |  11292 |    280 |   4383 |   5714 |   8 | 1446.5 |
       Dungeon |  10774 |  10494 |    280 |   4109 |   5378 |   7 | 1539.1 |
         Sewer |    798 |    798 |      0 |    273 |    335 |   1 |  798.0 |
               +--------+--------+--------+--------+--------+-----+--------+

Top non-repeatable levels by time:
     D:6: 2283 daAuts
     D:4: 2254 daAuts
     D:5: 2039 daAuts
     D:1: 1560 daAuts
     D:2: 1246 daAuts
     D:3: 1177 daAuts
   Sewer: 798 daAuts
     D:7: 214 daAuts
